 Dungeon Crawl Stone Soup version 0.25-a0-927-g39f137c8b7 (webtiles) character file.

Game seed: 17978144579051130152, levelgen mode: deterministic

137 Maedhros the Sneak (level 5, 0/33 HPs)
             Began as an Octopode Artificer on May 3, 2020.
             Killed by divine providence
             ... invoked by an orc priest
              (13 damage)
             ... on level 5 of the Dungeon.
             The game lasted 00:03:51 (239 turns).

Maedhros the Sneak (Octopode Artificer)              Turns: 239, Time: 00:03:53

Health: 0/33       AC:  3    Str: 12    XL:     5   Next: 20%
Magic:  7/7        EV: 13    Int: 13    God:
Gold:   34         SH:  0    Dex: 13    Spells: 4/4 levels left

rFire    . . .     SeeInvis .   a - +0 short sword
rCold    . . .     Gourm    .   (no shield)
rNeg     . . .     Faith    .   (helmet restricted)
rPois    +         Spirit   .   (no amulet)
rElec    .         Reflect  .   (no ring)
rCorr    .         Harm     .   (no ring)
MR       .....                  (no ring)
Stlth    +++.......             (no ring)
HPRegen  0.11/turn              (no ring)
MPRegen  0.10/turn              (no ring)
                                (no ring)
                                (no ring)

@: no status effects
A: almost no armour, stealthy swim, amphibious, 8 rings, constrict 8, yellow
scales 1, camouflage 1, poison resistance, gelatinous body 1
a: no special abilities


You were on level 5 of the Dungeon.
You were not hungry.

You visited 1 branch of the dungeon, and saw 5 of its levels.

You collected 34 gold pieces.

Inventory:

Hand Weapons
 a - a +0 short sword (weapon)
Wands
 b - a wand of flame (15)
 c - a wand of enslavement (11)
 d - a wand of random effects (10)
Scrolls
 e - a scroll of noise {unknown}
 h - a scroll of identify {unknown}
 i - a scroll of teleportation {unknown}
Potions
 j - a potion of curing {unknown}
Comestibles
 f - a ration


   Skills:
 - Level 1.0 Fighting
 - Level 1.0 Short Blades
 - Level 2.0 Dodging
 - Level 4.0 Stealth
 + Level 3.8 Unarmed Combat
 - Level 3.2 Evocations


You had 4 spell levels left.
You didn't know any spells.
Your spell library was empty.

Dungeon Overview and Level Annotations

Branches:
Dungeon (5/15)
 Temple: D:4-7

Altars:


Innate Abilities, Weirdness & Mutations

You cannot wear most types of armour.
You are very stealthy in the water. (Stealth+)
You are amphibious.
You can wear up to eight rings at the same time.
You can use your tentacles to constrict eight enemies at once.
Your skin changes colour to match your surroundings (Stealth+).
Your rubbery body absorbs attacks. (AC +1, EV +1)
You are partially covered in yellow scales. (AC +2)
Your system is resistant to poisons. (rPois)


Message History

Aim: an orc wizard, wielding a +0 dagger and wearing a +0 robe The orc wizard suddenly stops moving!
An orc priest comes into view. It is wielding a +0 mace.
Evoke which item? (* to show all) (? for menu, Esc to quit)
Aiming: Random Effects
Press: ? - help, Shift-Dir - straight line, f - orc priest, p - orc wizard
Aim: an orc priest, wielding a +0 mace and wearing a +0 leather armour (hasn't noticed you)
The orc priest shouts!
The orc priest twists and deforms.
Evoke which item? (* to show all) (? for menu, Esc to quit)
Aiming: Random Effects
Press: ? - help, Shift-Dir - straight line, f/p - orc priest
Aim: an orc priest, wielding a +0 mace and wearing a +0 leather armour (misshapen and mutated)
The fireball explodes!
The fireball engulfs the orc priest!
The orc priest is almost dead.
The fireball engulfs the orc wizard!
The orc wizard is almost dead.
The orc priest invokes the aid of Beogh against you.
Beogh smites you!
You die...

......##.........###...#
.......##..........#..####
.................>.......##
..........................#
.......#..........#.....###
............o.....#....†###...
#..........o....s##...w.))....
#...................#....)..%.
..[.............@#.###........
...............$#### ....?....
..........#..... .###.....
.......)..###..# .. .....
...#......# #.. .. ....
...#...#.## ##. ... ....
...##..#..## # ...##r.....#
............


You could see a worm, an orc priest, an orc wizard (paralysed) and a giant
cockroach.

Vanquished Creatures
  Eustachio (D:5)
  An orc wizard (D:5)
  Jessica (D:2)
  An adder (D:5)
  2 dart slugs
  A ball python (D:5)
  A giant cockroach (D:2)
  2 goblins
  A quokka (D:2)
  2 frilled lizards (D:1)
  A kobold (D:1)
  A quokka skeleton (D:4)
15 creatures vanquished.

Vanquished Creatures (collateral kills)
  An orc (D:5)
1 creature vanquished.

Vanquished Creatures (others)
  An orc priest (D:5)
1 creature vanquished.

Grand Total: 17 creatures vanquished

Notes
Turn   | Place    | Note
-------+----------+-------------------------------------------
     0 | D:1      | Maedhros the Octopode Artificer began the quest for the
                  | Orb.
     0 | D:1      | Reached XP level 1. HP: 13/13 MP: 3/3
    15 | D:1      | Reached skill level 2 in Stealth
    42 | D:2      | Noticed Jessica
    49 | D:2      | Killed Jessica
    49 | D:2      | Reached skill level 4 in Stealth
    49 | D:2      | Reached skill level 1 in Unarmed Combat
    49 | D:2      | Reached XP level 2. HP: 6/18 MP: 4/4
    49 | D:2      | Reached XP level 3. HP: 8/23 MP: 5/5
   139 | D:5      | Entered Level 5 of the Dungeon
   211 | D:5      | Noticed Eustachio
   220 | D:5      | Gained mutation: You are partially covered in yellow
                  | scales. (AC +2) [potion of mutation]
   220 | D:5      | Gained mutation: Your mind is acute. (Int +2) [potion of
                  | mutation]
   220 | D:5      | Lost mutation: Your mind is acute. (Int +2) [potion of
                  | mutation]
   220 | D:5      | Gained mutation: Your system is resistant to poisons.
                  | (rPois) [potion of mutation]
   231 | D:5      | Killed Eustachio
   231 | D:5      | Reached XP level 4. HP: 10/28 MP: 6/6
   231 | D:5      | Reached XP level 5. HP: 12/33 MP: 7/7
   239 | D:5      | Killed from afar by an orc priest

Levels and vault maps discovered:
D:1:      dpeg_arrival_tiny_a, layout_rooms, minmay_pentomino_p4
D:2:      layout_loops_cross, uniq_jessica
D:3:      layout_basic, grunt_ministairs_6, uniq_terence
D:4:      layout_basic, lemuel_crystal_altar, first_ration,
          kennysheep_generic_room_2, uniq_ijyb, uniq_purgy
D:5:      layout_cave_pools, nicolae_ru_awakened_eye,
          hangedman_abyss_or_decor_stabs, nicolae_gozag_zags_fifth_avenue,
          uniq_grinder, uniq_eustachio

Skill      XL: |  1  2  3 |
---------------+----------+-----
Stealth        | 4 |  4.0
Unarmed Combat | 1 3 |  3.8
Fighting       | |  1.0
Short Blades   | |  1.0
Dodging        | |  2.0
Evocations     | |  3.2

Action                   |  1- 3 |  4- 6 || total
-------------------------+-------+-------++-------
Melee: Short sword       |    23 |       ||    23
       Tentacles         |     6 |       ||     6
       Constrict         |     6 |       ||     6
       Punch             |     1 |       ||     1
Evoke: Wand              |     5 |     4 ||     9
  Use: Potion            |     1 |       ||     1
 Stab: Sleeping          |     3 |       ||     3
Armor: Skin              |     6 |       ||     6
Dodge: Dodged            |    21 |       ||    21

Table legend:
 A = Non-vault XP
 B = Vault XP
 C = Vault XP percentage of total XP
 D = Non-vault monster count
 E = Vault monster count
 F = Vault count percentage of total count
                 A         B        C        D         E       F
            +---------+---------+-------+---------+---------+-------
      Total |      38 |     158 |  80.6 |      12 |       4 |  25.0
            +---------+---------+-------+---------+---------+-------
        D:1 |       9 |       0 |   0.0 |       5 |       0 |   0.0
        D:2 |       4 |      37 |  90.2 |       2 |       1 |  33.3
        D:3 |       0 |       6 | 100.0 |       0 |       2 | 100.0
        D:4 |       1 |       0 |   0.0 |       1 |       0 |   0.0
        D:5 |      24 |     115 |  82.7 |       4 |       1 |  20.0
            +---------+---------+-------+---------+---------+-------
